 Dungeon Crawl Stone Soup version 0.30-b1-2-g02819fbbbe (webtiles) character file.

Game seed: 8677807224676866706

68146 Anon1729 the Fighter (level 14, -2/122 (129) HPs)
             Began as a Minotaur Monk on July 14, 2023.
             Was an Elder of Uskayaw.
             Killed from afar by an orc sorcerer (37 damage)
             ... with a bolt of negative energy
             ... on level 1 of the Orcish Mines.
             The game lasted 00:17:50 (25041 turns).

Anon1729 the Fighter (Minotaur Monk)               Turns: 25041, Time: 00:17:50

HP:   -2/122 (129)  AC: 21    Str: 23    XL:     14   Next: 85%
MP:   18/21         EV: 15    Int: 10    God:    Uskayaw [****..]
Gold: 1545          SH:  5    Dex: 17    Spells: 13/13 levels left

rFire   . . .        t - +0 short sword (venom)
rCold   + . .        d - orb {light}
rNeg    . . .        k - +3 chain mail
rPois   +            (helmet restricted)
rElec   .            Q - scarf {shadows}
rCorr   .            C - +2 pair of gloves
SInv    .            S - +1 pair of boots of Ewaaq {rC+ Int+3}
Will    +....        y - amulet of reflection
Stlth   +            F - +6 ring of strength
HPRegen 0.40/turn    U - ring of poison resistance
MPRegen 0.17/turn

%: reflection
@: glowing, studying Short Blades, drained
A: horns 2, retaliatory headbutt
a: Renounce Religion, Stomp, Line Pass


You were on level 1 of the Orcish Mines.
You worshipped Uskayaw.
Uskayaw was aware of your devotion.
You visited 4 branches of the dungeon, and saw 22 of its levels.
You also visited: Bailey.

You collected 1798 gold pieces.
You spent 253 gold pieces at shops.

Inventory:

Hand Weapons
 a - a +3 rapier
 t - a +0 short sword of venom (weapon)
Missiles
 R - 14 boomerangs of dispersal (quivered)
 Z - a throwing net
Armour
 d - an orb of light (worn)
 k - a +3 chain mail (worn)
 C - a +2 pair of gloves (worn)
 Q - a scarf of shadows (worn)
 S - the +1 pair of boots of Ewaaq (worn) {rC+ Int+3}
   (You found it on level 5 of the Lair of Beasts)

   Int:       It affects your intelligence (+3).
   rC:        It protects you from cold.
Jewellery
 h - a ring of ice
 y - an amulet of reflection (around neck)
 F - a +6 ring of strength (left hand)
 K - a +6 ring of strength
 M - a +4 ring of protection
 P - a ring of protection from fire
 U - a ring of poison resistance (right hand)
Wands
 r - a wand of polymorph (35)
 B - a wand of paralysis (15)
 I - a wand of flame (42)
 L - a wand of mindburst (25)
 O - a wand of iceblast (13)
 T - a wand of digging (4)
 V - a wand of acid (28)
Scrolls
 e - 7 scrolls of teleportation
 i - 4 scrolls of enchant armour
 l - a scroll of silence
 m - 3 scrolls of amnesia
 o - 6 scrolls of poison
 w - 3 scrolls of immolation
 x - 2 scrolls of fear
 E - 3 scrolls of vulnerability
 G - 7 scrolls of enchant weapon
 H - 4 scrolls of blinking
 J - 2 scrolls of fog
 N - a scroll of brand weapon
Potions
 b - 4 potions of magic
 c - a potion of ambrosia
 f - 3 potions of heal wounds
 g - 2 potions of resistance {unknown}
 j - 6 potions of attraction
 n - 3 potions of might {unknown}
 p - 5 potions of haste
 q - 7 potions of flight
 s - a potion of cancellation {unknown}
 u - 4 potions of mutation {unknown}
 z - 8 potions of curing {unknown}
 A - 5 potions of lignification
 D - 4 potions of brilliance {unknown}
 X - a potion of invisibility {unknown}
Miscellaneous
 v - a lightning rod (3/4)
 Y - a condenser vane (inert)


   Skills:
 + Level 13.5 Fighting
 + Level 12.6 Short Blades
 + Level 12.9 Armour
 + Level 12.4 Dodging
 + Level 10.2 Stealth
 + Level 11.2 Invocations
 + Level 2.0 Evocations


You had 13 spell levels left.
You didn't know any spells.
Your spell library contained the following spells:

 Spells                   Type           Power      Damage    Failure   Level
 Apportation              Tloc           0%         N/A       83%         1
 Necrotise                Necr           0%         1d4       83%         1
 Summon Small Mammal      Summ           0%         N/A       83%         1
 Blink                    Tloc           0%         N/A       92%         2
 Ensorcelled Hibernation  Hex/Ice        0%         N/A       92%         2
 Lesser Beckoning         Tloc           0%         N/A       92%         2
 Momentum Strike          Conj/Tloc      0%         3d8       92%         2
 Gell's Gravitas          Tloc           0%         N/A       99%         3
 Ozocubu's Armour         Ice            0%         N/A       99%         3
 Spider Form              Tmut/Pois      0%         N/A       99%         3
 Teleport Other           Tloc           0%         N/A       99%         3
 Volatile Blastmotes      Fire/Tloc      0%         2d10      99%         3
 Anguish                  Hex/Necr       0%         N/A       100%        4
 Fulminant Prism          Conj/Hex       0%         3d5       100%        4
 Iskenderun's Mystic Bla  Conj/Tloc      0%         2d3       100%        4
 Manifold Assault         Tloc           0%         N/A       100%        4
 Summon Ice Beast         Ice/Summ       0%         N/A       100%        4
 Lee's Rapid Deconstruct  Erth           0%         3d4*      100%        5
 Metabolic Englaciation   Hex/Ice        0%         N/A       100%        5
 Summon Mana Viper        Hex/Summ       0%         N/A       100%        5
 Simulacrum               Ice/Necr       0%         N/A       100%        6
 Monstrous Menagerie      Summ           0%         N/A       100%        7
 Storm Form               Tmut/Air       0%         N/A       100%        7


Dungeon Overview and Level Annotations

Branches:
Dungeon (14/15)            Temple (1/1) D:6            Lair (5/5) D:10
 Shoals (0/4) Lair:3       Spider (0/4) Lair:2        Slime (0/5) Lair:5
    Orc (2/2) D:10         Bailey (visited)
    Elf: Orc:2       Vaults: D:13-14

Altars:
Ashenzari
Cheibriados
Dithmenos
Elyvilon
Fedhas
Gozag
Hepliaklqana
Kikubaaqudgha
Makhleb
Nemelex Xobeh
Okawaru
Qazlal
Ru
Sif Muna
Trog
Uskayaw
Vehumet
Wu Jian
Xom
Yredelemnul
Zin
Jiyva

Shops:
D:4 ?   D:11 [

Portals:
Trove: D:10 (show abyssal rune of Zot)

Annotations:
D:12 1 runed translucent door
D:13 exclusion: downstairs
Lair:5 1 runed translucent door


Innate Abilities, Weirdness & Mutations

You have a pair of horns on your head.
You reflexively headbutt those who attack you in melee.


Message History

You are too injured to fight recklessly!
You are too injured to fight recklessly!
Aiming: Line Pass
Press: ? - help, Dir - move target The orc warrior appears confused.
You can no longer merge with and destroy a victim.
The orc priest calls down the wrath of Beogh upon you.
Beogh smites you!
The orc knight roars a battlecry!
You hear a shout!
The orc priest calls down the wrath of Beogh upon you.
Beogh smites you!
* * * LOW HITPOINT WARNING * * *
The orc sorcerer closely misses you.
The orc sorcerer attacks as you move away!
The orc sorcerer hits you but does no damage.
The orc warrior seems less confused.
There is a stone staircase leading up here.
You feel yourself speed up.
The orc warrior hits you with a +0 hand axe.
* * * LOW HITPOINT WARNING * * *
The orc sorcerer points at you and mumbles some strange words.
The bolt of fire misses you. The orc sorcerer barely misses you.
You block the wraith's attack. The orc priest closely misses you.
You climb upwards.
There is a stone staircase leading down here.
Okay, then.
Unknown command.
You barely miss the orc sorcerer. You headbutt the orc sorcerer!
The orc sorcerer is moderately wounded.
Uskayaw will force your foes to share their pain.
Uskayaw links your audience in an emotional bond!
Okay, then.
You hit the orc sorcerer but do no damage.
The orc sorcerer is poisoned.
Your headbutt misses the orc sorcerer.
The orc sorcerer is moderately wounded.
The orc warrior hits you but does no damage.
The orc sorcerer gestures at you while chanting.
The bolt of negative energy hits you!!!
You feel drained.
You die...

#....# ###.##
######.#.#
##.#......##
#..........##
##..........###
##....##.......#
#.....o##.#...##
##.#..@o##....#
###....).....##
##<..)......##
#.....#.#...#
###..#####.##
##..# ### ####


You could see an orc sorcerer (strong, very poisoned, pain bonded) and an orc
warrior (strong, pain bonded).

Vanquished Creatures
  Kirke (Lair:5)
  The ghost of Vorhees the Thaumaturge, a journeyman DgCj (Lair:2)
  Josephine (Orc:2)
  The ghost of Termiter the Reanimator, a journeyman DsNe of Nemelex Xobeh (Lair:5)
  A rakshasa (D:13)
  2 vault guards (Bailey)
  10 hydras
  4 two-headed ogres
  2 catoblepae (Lair:5)
  4 centaur warriors (D:13)
  5 death yaks
  A deep troll shaman (Lair:5)
  Amaemon (D:9)
  2 skysharks
  3 deep elf pyromancers
  Pikel (D:5)
  2 manticores
  5 cyclopes
  A wolf spider (Lair:5)
  An ugly thing (D:12)
  14 elephants
  A moth of wrath (Lair:5)
  2 gargoyles
  3 black mambas
  13 cane toads
  An orange demon (D:9)
  9 komodo dragons
  2 unseen horrors
  5 rime drakes
  2 meliai (D:13)
  A meliai (shapeshifter) (D:13)
  A wind drake (Lair:3)
  5 trolls
  Prince Ribbit (Bailey)
  4 polar bears (Lair:5)
  9 blink frogs
  4 slime creatures (D:12)
  4 humans (Bailey)
  4 wyverns
  51 yaks
  3 culicivoras (Lair:2)
  4 hogs (Lair:5)
  3 wraiths
  2 shadows
  5 basilisks
  A warg (Orc:2)
  6 vampire mosquitoes
  Duvessa (D:5)
  2 acid dragons (D:10)
  9 water moccasins
  10 orc warriors
  A sky beast (D:7)
  2 ice beasts
  3 black bears
  12 wolves
  3 ogres
  19 centaurs
  2 phantoms
  2 kobold brigands
  18 bullfrogs
  3 gnoll sergeants
  7 scorpions
  A cane toad simulacrum (D:12)
  5 wights (D:6)
  Dowan (D:5)
  6 killer bees (D:9)
  An elephant simulacrum (D:12)
  4 howler monkeys
  9 orc priests
  3 jellies
  4 hounds (D:5)
  A sleepcap (D:3)
  Ijyb (D:5)
  16 orc wizards
  4 iguanas
  A polar bear simulacrum (D:12)
  3 troll simulacra (D:12)
  15 gnolls
  11 adders
  2 naga simulacra (D:12)
  5 shadow imps (D:7)
  A white imp (D:6)
  An ufetubus (D:5)
  A worm (D:4)
  5 dart slugs
  51 orcs
  5 bats
  11 endoplasms
  4 giant cockroaches
  11 goblins
  8 hobgoblins
  2 jackals (D:2)
  18 kobolds
  3 quokkas
  8 ball pythons
  2 frilled lizards (D:1)
  11 rats
538 creatures vanquished.

Vanquished Creatures (others)
  3 humans
  2 wolves (Lair:5)
  17 fungi
  23 plants
45 creatures vanquished.

Grand Total: 583 creatures vanquished

Notes
Turn   | Place    | Note
-------+----------+-------------------------------------------
     0 | D:1      | Anon1729 the Minotaur Monk began the quest for the Orb.
     0 | D:1      | Reached XP level 1. HP: 19/19 MP: 0/0
     1 | D:1      | Noticed an electric eel
   119 | D:1      | Reached XP level 2. HP: 26/27 MP: 1/1
   331 | D:1      | Reached skill level 1 in Invocations
   334 | D:1      | Reached XP level 3. HP: 28/33 MP: 2/2
   631 | D:2      | Reached skill level 1 in Armour
   673 | D:2      | Reached skill level 1 in Stealth
   759 | D:2      | Reached skill level 4 in Fighting
  1131 | D:2      | Reached XP level 4. HP: 40/40 MP: 4/4
  1911 | D:3      | Found a shimmering altar of Xom.
  1911 | D:3      | Found an opulent altar of Gozag.
  2192 | D:4      | Noticed a scorpion
  2200 | D:4      | Killed a scorpion
  2201 | D:4      | Reached XP level 5. HP: 29/47 MP: 5/5
  2343 | D:4      | Found a glowing silver altar of Zin.
  2662 | D:4      | Noticed a phantom
  2673 | D:4      | Killed a phantom
  2674 | D:4      | Reached XP level 6. HP: 53/53 MP: 6/6
  2750 | D:4      | Found Takoecen's Magic Scroll Boutique.
  2841 | D:4      | Bought a scroll of fear for 52 gold pieces
  2841 | D:4      | Bought a scroll of blinking for 97 gold pieces
  2841 | D:4      | Bought 3 scrolls of identify for 78 gold pieces
  2996 | D:4      | Bought a scroll of identify for 26 gold pieces
  3000 | D:5      | Entered Level 5 of the Dungeon
  3008 | D:5      | Noticed an ice beast
  3134 | D:4      | Killed an ice beast
  3135 | D:4      | Reached skill level 5 in Fighting
  3135 | D:4      | Reached XP level 7. HP: 57/61 MP: 6/8
  3161 | D:5      | Noticed Pikel
  3173 | D:5      | Killed Pikel
  3174 | D:5      | Reached skill level 5 in Short Blades
  3174 | D:5      | Reached skill level 5 in Dodging
  3174 | D:5      | Reached XP level 8. HP: 41/70 MP: 9/9
  3277 | D:5      | Noticed Duvessa
  3277 | D:5      | Noticed Dowan
  3298 | D:5      | Killed Duvessa
  3303 | D:5      | Killed Dowan
  3530 | D:5      | Reached skill level 6 in Fighting
  3616 | D:5      | Noticed Ijyb
  3616 | D:5      | Paralysed by Ijyb for 3 turns
  3625 | D:5      | Killed Ijyb
  3978 | D:5      | Reached skill level 5 in Armour
  4604 | D:6      | Reached XP level 9. HP: 31/78 MP: 11/11
  4839 | D:6      | Reached skill level 7 in Fighting
  5094 | D:6      | Found a staircase to the Ecumenical Temple.
  5234 | D:6      | Reached skill level 5 in Invocations
  5644 | Temple   | Entered the Ecumenical Temple
  5666 | Temple   | Became a worshipper of Uskayaw the Reveller
  5666 | Temple   | Reached * piety under Uskayaw
  5761 | D:7      | Reached ** piety under Uskayaw
  5776 | D:7      | Reached *** piety under Uskayaw
  5778 | D:7      | Reached **** piety under Uskayaw
  5783 | D:7      | Reached ***** piety under Uskayaw
  5953 | D:7      | Found a sacrificial altar of Ru.
  6244 | D:7      | Found a blossoming altar of Fedhas.
  6508 | D:8      | Found a flagged portal.
  6524 | Bailey   | Entered a bailey
  6552 | Bailey   | Reached skill level 5 in Stealth
  6667 | Bailey   | Reached ****** piety under Uskayaw
  6708 | Bailey   | Noticed Prince Ribbit
  6709 | Bailey   | Noticed a vault guard
  6723 | Bailey   | Killed Prince Ribbit
  6724 | Bailey   | Reached XP level 10. HP: 67/88 MP: 13/13
  6730 | Bailey   | Killed a vault guard
  6731 | Bailey   | Reached skill level 8 in Fighting
  6817 | Bailey   | Noticed a vault guard
  6863 | Bailey   | Killed a vault guard
  7598 | D:8      | Found a shimmering blue altar of Sif Muna.
  8011 | D:9      | Noticed Amaemon
  8012 | D:9      | Noticed an orange demon
  8028 | D:9      | Killed Amaemon
  8039 | D:9      | Killed an orange demon
  8040 | D:9      | Reached skill level 9 in Fighting
  8272 | D:9      | Reached XP level 11. HP: 80/97 MP: 15/15
  8907 | D:9      | Found a bloodstained altar of Trog.
  8995 | D:9      | Found an ancient bone altar of Kikubaaqudgha.
  9179 | D:10     | Entered Level 10 of the Dungeon
  9689 | D:10     | Found a staircase to the Lair.
  9917 | D:10     | Noticed a two-headed ogre
  9929 | D:10     | Killed a two-headed ogre
  9930 | D:10     | Reached skill level 10 in Fighting
 10052 | D:10     | Found a portal to a secret trove of treasure.
 10504 | D:10     | Found a staircase to the Orcish Mines.
 11518 | D:11     | Reached XP level 12. HP: 82/107 MP: 15/17
 11598 | D:11     | Found Joolopra's Armour Shop.
 11784 | D:11     | Noticed a two-headed ogre
 11797 | D:11     | Killed a two-headed ogre
 12815 | D:12     | Noticed a sphinx
 12815 | D:12     | Noticed a deep troll earth mage
 12816 | D:12     | Found a runed translucent door.
 12816 | D:12     | Noticed a storm dragon
 12818 | D:12     | Noticed a storm dragon
 12818 | D:12     | Noticed a frost giant
 12818 | D:12     | Noticed a yaktaur captain
 12818 | D:12     | Found the +7 lajatang of Order {silver, rMut}
 12842 | D:12     | Reached skill level 10 in Short Blades
 13078 | D:12     | Identified the +0 leather armour "Nuits" {rElec Stlth+}
 13112 | D:12     | Reached skill level 10 in Armour
 13772 | D:13     | Reached skill level 10 in Dodging
 13860 | D:13     | Noticed an eight-headed hydra
 13869 | D:13     | Killed an eight-headed hydra
 13982 | D:13     | Reached skill level 11 in Fighting
 14204 | D:13     | Noticed a rakshasa
 14222 | D:13     | Killed a rakshasa
 14288 | D:13     | Noticed a centaur warrior
 14302 | D:13     | Killed a centaur warrior
 14512 | D:13     | Noticed a centaur warrior
 14520 | D:13     | Killed a centaur warrior
 14804 | D:13     | Noticed a centaur warrior
 14816 | D:13     | Killed a centaur warrior
 15048 | D:13     | Noticed a two-headed ogre
 15060 | D:13     | Killed a two-headed ogre
 15061 | D:13     | Reached XP level 13. HP: 101/116 MP: 18/18
 15817 | Lair:1   | Entered Level 1 of the Lair of Beasts
 17572 | Lair:2   | Found a hole to the Spider Nest.
 17737 | Lair:2   | Found a runed translucent door.
 17737 | Lair:2   | Noticed Vorhees's ghost (journeyman DgCj)
 17812 | Lair:2   | Reached skill level 12 in Fighting
 18654 | Lair:2   | Killed Vorhees's ghost
 19152 | Lair:3   | Identified the +1 quarterstaff "Etaula" {drain, rC+ Will-
                  | Dex+3}
 19191 | Lair:3   | Reached skill level 10 in Invocations
 19511 | Lair:3   | Found a staircase to the Shoals.
 21087 | Lair:4   | Reached XP level 14. HP: 70/127 MP: 20/20
 21477 | Lair:5   | Entered Level 5 of the Lair of Beasts
 21869 | Lair:5   | Noticed Kirke
 21890 | Lair:5   | Killed Kirke
 22177 | Lair:5   | Reached skill level 13 in Fighting
 22391 | Lair:5   | Found a runed translucent door.
 22391 | Lair:5   | Found a viscous altar of Jiyva.
 22409 | Lair:5   | Found a staircase to the Slime Pits.
 22440 | Lair:5   | Found a transporter.
 22960 | Lair:5   | Found a transporter.
 22960 | Lair:5   | Noticed Termiter's ghost (journeyman DsNe)
 24002 | Lair:5   | Reached skill level 10 in Stealth
 24004 | Lair:5   | Reached skill level 1 in Evocations
 24298 | Lair:5   | Identified a scroll of acquirement
 24298 | Lair:5   | Acquired a manual of Short Blades
 24584 | Lair:5   | Killed Termiter's ghost
 24608 | Lair:5   | Identified the +1 pair of boots of Ewaaq {rC+ Int+3}
 24615 | Lair:5   | Identified the +1 leather armour of the Arena {rC+ rN++
                  | SInv}
 24889 | Orc:1    | Entered Level 1 of the Orcish Mines
 24957 | Orc:2    | Entered Level 2 of the Orcish Mines
 25001 | Orc:2    | Noticed Josephine
 25028 | Orc:2    | Killed Josephine
 25041 | Orc:1    | Killed from afar by an orc sorcerer

Illustrated notes

Levels and vault maps discovered:
D:1:      arrival_aquarium_a, layout_rooms, minmay_tiny_reverse_x
D:2:      layout_basic
D:3:      layout_loops_ring, gammafunk_temple_overflow_elements
D:4:      layout_basic, zin_academy, grunt_ministairs_6, st_stairs_2,
          nicolae_stop_n_shop_2
D:5:      layout_gridville, solitary_fountain, minmay_joined_circles,
          uniq_pikel, uniq_ijyb, uniq_duvessa
D:6:      layout_basic, minmay_temple_entry_sparse_star, minmay_misc_feat_tower,
          minmay_unpleasant_kobolds
D:7:      layout_rooms, marbit_many_paths, kennysheep_mini_moat,
          nrook_mini_backslash, minmay_misc_feat_encased
D:8:      layout_loops_corners, amcnicky_altar_gilded, enter_bailey_5,
          hangedman_decor_growths
D:9:      layout_cave_pods, tgw_kikubaaqudgha, trog_book, uniq_amaemon
D:10:     layout_stronghold, minmay_lair_entry_grove, david_orc_4, enter_trove_6
D:11:     layout_gridville, serial_shops, shop
D:12:     minmay_gate_of_8, layout_loops_ring,
          portal_ice_cave_entry_ice_simulacra
D:13:     layout_small_grid, grunt_decor_clamped
D:14:     layout_cave_pools, hangedman_vaults_entry_quadrant_bands,
          serial_bayou_pond_c, uniq_jorgrun
Temple:   nicolae_temple_ecumenical_triangle
Lair:1:   layout_regular_city
Lair:2:   layout_cave_pods, hellmonk_spider_entry_life_and_decay,
          gammafunk_ghost_grave, beast_lair_carwin_5
Lair:3:   layout_regular_city, minmay_shoals_entry_beasts
Lair:4:   layout_cave_pods, serial_bayou_pond_d
Lair:5:   grunt_lair_end_beastmaster, layout_cave_pods, slime_entry_2,
          gammafunk_ghost_berserking_beasts, chequers_serial_rivers_micro_d,
          uniq_kirke
Orc:1:    layout_diamond_mine
Orc:2:    grunt_orc_gardens, layout_caves, grunt_orc_garden, grunt_orc_garden,
          grunt_orc_garden, grunt_orc_garden, uniq_josephine

Skill      XL: |  1  2  3  4  5  6  7  8  9 10 11 12 13 14 |
---------------+-------------------------------------------+-----
Invocations    | 1 2 3 4 5 6 8 9 10 11 | 11.2
Armour         | 1 2 3 4 5 6 8 9 10 12 | 12.9
Stealth        | 1 2 3 4 5 6 7 8 9 10 | 10.2
Fighting       | 4 5 6 7 9 10 11 12 13 | 13.5
Short Blades   | 4 5 6 7 8 9 10 11 12 | 12.6
Dodging        | 4 5 6 7 8 9 10 11 12 | 12.4
Evocations     | 2 |  2.0

Action                     |  1- 3 |  4- 6 |  7- 9 | 10-12 | 13-15 || total
---------------------------+-------+-------+-------+-------+-------++-------
  Melee: Short sword       |    89 |   117 |   344 |   818 |  1017 ||  2385
         Headbutt          |    15 |    38 |   111 |   284 |   409 ||   857
         Unarmed           |       |       |       |       |    14 ||    14
 Invoke: Line Pass         |       |       |       |     3 |     5 ||     8
         Stomp             |       |       |       |     5 |     6 ||    11
         Grand Finale      |       |       |       |       |     1 ||     1
  Evoke: Wand              |       |       |     2 |     3 |       ||     5
         Lightning rod     |       |       |       |       |     6 ||     6
         Condenser vane    |       |       |       |       |     1 ||     1
    Use: Scroll            |       |     8 |       |     9 |     8 ||    25
         Potion            |       |       |       |     3 |       ||     3
   Stab: Paralysed         |       |       |     6 |    50 |    59 ||   115
         Confused          |       |       |       |     2 |     2 ||     4
 Armour: Robe              |    14 |    17 |    10 |       |       ||    41
         Chain mail        |       |       |    77 |   294 |   324 ||   695
  Dodge: Dodged            |    51 |    50 |   121 |   373 |   525 ||  1120
  Block: Orb               |       |    16 |    56 |   152 |   153 ||   377
         Reflection        |       |     1 |     1 |     8 |     1 ||    11
         Other             |       |       |       |       |     5 ||     5
